 Dungeon Crawl Stone Soup version 0.19.5 (webtiles) character file.

9433 JeffiDaFish the Blocker (level 11, -3/71 HPs)
             Began as a Gargoyle Fighter on Oct 25, 2017.
             Was an Elder of Okawaru.
             Slain by a yak (9 damage)
             ... on level 2 of the Lair of Beasts.
             The game lasted 00:23:39 (8671 turns).

JeffiDaFish the Blocker (Gargoyle Fighter)          Turns: 8671, Time: 00:23:39

Health: -3/71      AC: 28    Str: 24    XL:     11   Next: 46%
Magic:  11/11      EV: 13    Int:  7    God:    Okawaru [****..]
Gold:   672        SH: 18    Dex: 19    Spells: 0 memorised, 10 levels left

rFire  . . .     SeeInvis .     a - +2 flail (freeze)
rCold  . . .     Gourm    .     t - +3 plate armour
rNeg   + . .     Faith    .     c - +1 shield
rPois  ∞         Spirit   .     A - +1 hat of Vehumet's Delight {Str+4 Int-2 Dex+7}
rElec  +         Reflect  +     q - +0 cloak
rCorr  .         Harm     .     n - +0 pair of gloves
MR     .....                    (no boots)
Stlth  ..........               r - +4 amulet of reflection
                                (no ring)
                                k - +4 ring of evasion

@: no status effects
A: negative energy resistance 1, electricity resistance, unbreathing,
petrification resistance, rot immunity, AC +7
a: Heroism, Renounce Religion


You were on level 2 of the Lair of Beasts.
You worshipped Okawaru.
Okawaru was greatly pleased with you.
You were hungry.

You visited 3 branches of the dungeon, and saw 12 of its levels.
You also visited: Sewer.

You collected 672 gold pieces.

Inventory:

Hand Weapons
 a - a +2 flail of freezing (weapon)
Armour
 c - a +1 shield (worn)
 n - a +0 pair of gloves (worn)
 q - a +0 cloak (worn)
 t - a +3 plate armour (worn)
 A - the +1 hat of Vehumet's Delight (worn) {Str+4 Int-2 Dex+7}
   (You found it on level 1 of the Lair of Beasts)

   It affects your strength (+4).
   It affects your intelligence (-2).
   It affects your dexterity (+7).
Jewellery
 k - a +4 ring of evasion (left hand)
 r - a +4 amulet of reflection (around neck)
Wands
 x - a wand of iceblast (7/15)
Scrolls
 b - 2 scrolls of magic mapping
 h - 5 scrolls of fear
 l - 3 scrolls of blinking
 m - 9 scrolls of identify
 o - 4 scrolls of fog
 y - a scroll of recharging
 z - 2 scrolls of remove curse
Potions
 d - 2 potions of might
 e - a potion of agility
 s - 4 potions of magic
 v - a potion of brilliance
 w - 4 potions of curing
Comestibles
 f - 6 bread rations
 g - a slice of pizza
 j - 6 meat rations
 p - 6 fruits
 u - 4 beef jerkies


   Skills:
 * Level 9.2 Fighting
 * Level 9.3 Maces & Flails
 * Level 9.6 Armour
 + Level 4.4 Dodging
 * Level 9.9 Shields


You had 10 spell levels left.
You didn't know any spells.

Dungeon Overview and Level Annotations

Branches:
Dungeon (9/15)             Temple (1/1) D:5            Lair (2/6) D:9
  Swamp: Lair:2-4    Shoals: Lair:2-4     Snake: Lair:2-4    Spider: Lair:2-4
    Orc: D:9-12

Altars:
Ashenzari
Cheibriados
Dithmenos
Elyvilon
Fedhas
Gozag
Hepliaklqana
Kikubaaqudgha
Makhleb
Nemelex Xobeh
Okawaru
Qazlal
Ru
Sif Muna
Trog
Uskayaw
Vehumet
Xom
Yredelemnul
Zin
The Shining One

Shops:
D:9 *


Innate Abilities, Weirdness & Mutations

You are resistant to torment.
Your stone body is resilient. (AC +7)
You are immune to poison.
You resist negative energy. (rN+)
You are resistant to electric shocks. (rElec)
You can survive without breathing.
You are immune to petrification.
You are immune to rotting.


Message History

You block the yak's attack.
You miss the water moccasin.
The water moccasin is severely wounded.
You block the water moccasin's attack. The yak barely misses you.
The water moccasin bites you but does no damage.
You block the yak's attack.
You hit the water moccasin.
The water moccasin seems to slow down.
You freeze the water moccasin.
The water moccasin is almost dead.
The yak barely misses you.
The water moccasin bites you but does no damage.
You block the yak's attack.
You completely miss the water moccasin.
The water moccasin is almost dead.
The yak closely misses you. The yak gores you!
* * * LOW HITPOINT WARNING * * *
You block the water moccasin's attack. You block the water moccasin's attack.
The yak gores you!
You die...

. ##### ..
.P#.# ###..
....##...#
#......
####...##
#P...<..#
##...@.##
##...YYS.#
#....†...#
#.......†..#
P..........#
............#
#.....[....##
P..........#
...........#


You could see 2 yaks and a water moccasin.

Vanquished Creatures
  Gastronok (Lair:1)
  Pikel (D:7)
  A black mamba (Lair:1)
  3 spiny frogs
  A komodo dragon (Lair:1)
  2 trolls (D:9)
  Prince Ribbit (D:5)
  Grinder (D:6)
  Sigmund (D:2)
  8 yaks
  Eustachio (D:6)
  A water moccasin (Lair:1)
  A porcupine (Lair:1)
  Duvessa (D:7)
  2 orc warriors
  Purgy (Sewer)
  A black bear (D:9)
  A phantom (D:7)
  4 ice beasts
  2 ogres
  A centaur (D:5)
  3 wolves (Lair:1)
  3 crocodiles
  A big kobold (D:9)
  4 bullfrogs
  Dowan (D:7)
  2 scorpions
  A howler monkey (D:5)
  3 electric eels
  4 crimson imps
  3 hounds
  2 orc priests
  2 jellies
  Ijyb (D:2)
  3 bullfrog skeletons
  Natasha (twice) (D:4)
  2 centaur skeletons (D:5)
  Terence (D:2)
  4 iguanas
  2 orc wizards
  5 worker ants
  2 hound skeletons
  A howler monkey zombie (D:5)
  A howler monkey skeleton (D:4)
  8 adders
  2 river rats
  A shadow imp (D:8)
  2 oozes
  2 adder skeletons
  4 worms
  2 leopard geckos
  10 orcs
  2 ball pythons
  10 bats
  6 giant cockroaches
  8 goblins
  7 hobgoblins
  5 jackals
  10 kobolds
  2 quokkas (D:9)
  10 frilled lizards
  2 jackal skeletons
  A leopard gecko skeleton (D:6)
  A quokka skeleton (D:9)
  A quokka zombie (D:9)
  20 rats
205 creatures vanquished.

Vanquished Creatures (others)
  A slave (D:7)
  2 centaurs
  A kobold (D:9)
  3 fungi
  A plant (Lair:1)
8 creatures vanquished.

Grand Total: 213 creatures vanquished

Notes
Turn   | Place    | Note
-------+----------+-------------------------------------------
     0 | D:1      | JeffiDaFish the Gargoyle Fighter began the quest for the Orb.
     0 | D:1      | Reached XP level 1. HP: 14/14 MP: 1/1
    52 | D:1      | Reached XP level 2. HP: 19/19 MP: 2/2
   681 | D:2      | Noticed Sigmund
   751 | D:2      | Found an opulent altar of Gozag.
   804 | D:2      | Noticed Terence
   825 | D:2      | Killed Terence
   825 | D:2      | Reached XP level 3. HP: 13/24 MP: 3/3
  1067 | D:2      | Killed Sigmund
  1067 | D:2      | Reached XP level 4. HP: 26/29 MP: 4/4
  1067 | D:2      | Reached XP level 5. HP: 29/33 MP: 5/5
  1180 | D:2      | Reached XP level 6. HP: 37/38 MP: 6/6
  1458 | D:2      | Noticed Ijyb
  1474 | D:2      | Killed Ijyb
  1513 | D:2      | Found a hide-covered altar of Uskayaw.
  1844 | D:3      | Found a hazy altar of Hepliaklqana.
  2037 | D:4      | Found a blossoming altar of Fedhas.
  2184 | D:4      | Noticed Natasha
  2194 | D:4      | Killed Natasha
  2266 | D:4      | Reached skill level 5 in Shields
  2456 | D:4      | Reached skill level 5 in Maces & Flails
  2456 | D:4      | Reached XP level 7. HP: 37/43 MP: 7/7
  2702 | D:4      | Found a sacrificial altar of Ru.
  2764 | D:4      | Found a shadowy altar of Dithmenos.
  2766 | D:4      | Noticed Natasha
  2777 | D:4      | Killed Natasha
  2792 | D:4      | Found a snail-covered altar of Cheibriados.
  3105 | D:5      | Entered Level 5 of the Dungeon
  3107 | D:5      | Found a white marble altar of Elyvilon.
  3108 | D:5      | Found a radiant altar of Vehumet.
  3174 | D:5      | Noticed Prince Ribbit
  3225 | D:5      | Found a staircase to the Ecumenical Temple.
  3238 | Temple   | Entered the Ecumenical Temple
  3588 | D:5      | Reached skill level 1 in Dodging
  3649 | D:5      | Reached skill level 5 in Armour
  3802 | D:5      | Reached XP level 8. HP: 48/48 MP: 8/8
  3858 | D:5      | Reached skill level 5 in Fighting
  3932 | D:5      | Killed Prince Ribbit
  4166 | D:6      | Found a glowing drain.
  4195 | Sewer    | Entered a sewer
  4280 | Sewer    | Noticed Purgy
  4313 | Sewer    | Killed Purgy
  4602 | D:6      | Noticed Eustachio
  4603 | D:6      | Noticed Grinder
  4698 | D:6      | Killed Eustachio
  4698 | D:6      | Reached XP level 9. HP: 47/55 MP: 9/9
  4703 | D:6      | Killed Grinder
  4852 | D:6      | Identified the +2 long sword of Icvufafips {holy, Str+3} (You found it on level 6 of the Dungeon)
  5200 | D:7      | Noticed Duvessa
  5202 | D:7      | Noticed Dowan
  5270 | D:7      | Killed Duvessa
  5284 | D:7      | Killed Dowan
  5558 | D:7      | Noticed Pikel
  5576 | D:7      | Killed Pikel
  6035 | D:8      | Found a burning altar of Makhleb.
  6095 | D:8      | Found an iron altar of Okawaru.
  6120 | D:8      | Became a worshipper of Warmaster Okawaru
  6768 | D:9      | Reached XP level 10. HP: 63/63 MP: 10/10
  6894 | D:9      | Found Kusm's General Store.
  7455 | D:9      | Reached * piety under Okawaru
  7570 | D:9      | Found a staircase to the Lair.
  7583 | Lair:1   | Entered Level 1 of the Lair of Beasts
  7634 | Lair:1   | Noticed Gastronok
  7652 | Lair:1   | Killed Gastronok
  7652 | Lair:1   | Reached ** piety under Okawaru
  7662 | Lair:1   | Noticed a spiny frog
  7667 | Lair:1   | Reached XP level 11. HP: 30/69 MP: 11/11
  7683 | Lair:1   | Reached *** piety under Okawaru
  8071 | Lair:1   | Got a shimmering hat
  8082 | Lair:1   | Identified the +1 hat of Vehumet's Delight {Str+4 Int-2 Dex+7} (You found it on level 1 of the Lair of Beasts)
  8391 | Lair:1   | Reached **** piety under Okawaru
  8671 | Lair:2   | Slain by a yak

Skill      XL: |  1  2  3  4  5  6  7  8  9 10 11 |
---------------+----------------------------------+-----
Maces & Flails | 4 5 6 7 8 9 |  9.3
Shields        | 4 5 6 7 9 |  9.9
Fighting       | 4 5 7 8 9 |  9.2
Armour         | 4 5 6 7 9 |  9.6
Dodging        | 1 2 3 4 |  4.4

Action                   |  1- 3 |  4- 6 |  7- 9 | 10-12 || total
-------------------------+-------+-------+-------+-------++-------
Melee: Flail             |    96 |   149 |   469 |   193 ||   907
       Whip              |       |       |    63 |   119 ||   182
Evoke: Wand              |       |       |       |     1 ||     1
  Use: Scroll            |     7 |     3 |    11 |     2 ||    23
       Potion            |     7 |     4 |     2 |     1 ||    14
  Eat: Chunk             |     1 |     4 |    15 |     6 ||    26
Armor: Scale mail        |    29 |       |       |       ||    29
       Chain mail        |    17 |   105 |    95 |       ||   217
       Plate armour      |       |       |   234 |   119 ||   353
Dodge: Dodged            |    24 |    53 |   118 |   120 ||   315
Block: Shield            |    44 |   112 |   339 |   304 ||   799
       Reflection        |       |       |     9 |     2 ||    11
